 Dungeon Crawl Stone Soup version 0.29.1-4-g47bece8355 (webtiles) character file.

Game seed: 1283054275327122966

39 trench the Grasshopper (level 3, -4/29 HPs)
             Began as a Draconian Warper on Dec 5, 2022.
             Slain by Sigmund
             ... wielding a +0 scythe
              (6 damage)
             ... on level 2 of the Dungeon.
             The game lasted 00:04:03 (1129 turns).

trench the Grasshopper (Draconian Warper)           Turns: 1129, Time: 00:04:03

Health: -4/29      AC:  6    Str: 15    XL:     3   Next: 26%
Magic:  6/6        EV: 12    Int: 13    God:
Gold:   68         SH:  0    Dex: 10    Spells: 6/6 levels left

rFire   . . .      SeeInvis .   a - +0 falchion
rCold   . . .      Faith    .   (no shield)
rNeg    . . .      Spirit   .   (body armour unavailable)
rPois   .          Reflect  .   (helmet restricted)
rElec   .          Harm     .   (no cloak)
rCorr   .          Rampage  .   e - +0 pair of gloves
Will    .....                   (no boots)
Stlth   +.........              (no amulet)
HPRegen 0.09/turn               (no ring)
MPRegen 0.10/turn               (no ring)

@: no status effects
A: AC +5, unfitting armour, cold-blooded
a: no special abilities


You were on level 2 of the Dungeon.
You visited 1 branch of the dungeon, and saw 2 of its levels.

You collected 68 gold pieces.

Inventory:

Hand Weapons
 a - a +0 falchion (weapon)
Missiles
 c - 5 boomerangs of dispersal (quivered)
Armour
 e - a +0 pair of gloves (worn)
Scrolls
 b - a scroll of blinking
 d - a scroll of noise {unknown}
 g - a scroll of enchant weapon {unknown}
 i - a scroll of brand weapon {unknown}
Potions
 f - 2 potions of curing {unknown}
 h - a potion of heal wounds {unknown}


   Skills:
 - Level 2.1 Fighting
 * Level 3.0 Long Blades
 - Level 0.8 Throwing
 - Level 2.1 Dodging
 + Level 2.4 Spellcasting
 + Level 3.3 Translocations


You had 6 spell levels left.
You didn't know any spells.
Your spell library contained the following spells:

 Spells                   Type           Power      Damage    Failure   Level
 Blink                    Tloc           20%        N/A       10%         2
 Gell's Gravitas          Tloc           10%        N/A       19%         3
 Lesser Beckoning         Tloc           10%        N/A       19%         3
 Teleport Other           Tloc           10%        N/A       19%         3
 Manifold Assault         Tloc           10%        N/A       86%         5


Dungeon Overview and Level Annotations

Branches:
Dungeon (2/15)

Altars:

Annotations:
D:2 Sigmund


Innate Abilities, Weirdness & Mutations

Your plain brown scales are hard. (AC +5)
You cannot fit into any form of body armour.
You are cold-blooded and may be slowed by cold attacks.


Message History

No target in view!
Something hits you! Something barely misses you.
You barely miss something. You closely miss something.
Something hits you but does no damage.
You closely miss something.
Your tail-slap misses something.
You hear some strange, mumbled words.
A puff of flame appears from out of thin air!
The puff of flame hits you.
You hit something. Something hits you but does no damage.
You hit something but do no damage. Something hits you but does no damage.
You miss something. You hit something.
Your tail-slap misses something.
Something hits you.
You miss something.
Your tail-slap misses something.
Something hits you.
You hit something. Something hits you but does no damage.
You hit something. Your punch misses something. Something hits you!
* * * LOW HITPOINT WARNING * * *
Blink to where?
Press: ? - help, Dir - move target
Okay, then.
Blink to where?
Press: ? - help, Dir - move target
Okay, then.
Blink to where?
Press: ? - help, Dir - move target
Okay, then.
Blink to where?
Press: ? - help, Dir - move target
Okay, then.
Blink to where?
Press: ? - help, Dir - move target
Okay, then.
Throw: 7 boomerangs (disperse)
Press: ? - help, Q - select action Shift-Dir - straight line You throw a boomerang of dispersal.
Throw: 6 boomerangs (disperse)
Press: ? - help, Q - select action Shift-Dir - straight line You throw a boomerang of dispersal.
Something hits you.
You die...

............ .##..######
.##..### .......# .....#.#
.###..... †####.####
..###(######################.
..'.............@{†).........
..###.################?......
### #.# ....... # #+# .......
######.


There were no monsters in sight!

Vanquished Creatures
  An adder (D:2)
  8 endoplasms
  A giant cockroach (D:2)
  5 hobgoblins
  2 jackals (D:1)
  A ball python (D:1)
  4 bats (D:1)
  2 frilled lizards (D:2)
  2 kobolds
  2 rats (D:1)
28 creatures vanquished.

Notes
Turn   | Place    | Note
-------+----------+-------------------------------------------
     0 | D:1      | trench the Draconian Warper began the quest for the Orb.
     0 | D:1      | Reached XP level 1. HP: 17/17 MP: 3/3
   155 | D:1      | Reached XP level 2. HP: 23/24 MP: 5/5
   581 | D:1      | Found a faded altar of an unknown god.
   893 | D:2      | Reached XP level 3. HP: 21/29 MP: 6/6
  1101 | D:2      | Noticed Sigmund
  1129 | D:2      | Slain by Sigmund

Illustrated notes

Levels and vault maps discovered:
D:1:      dpeg_arrival_stone_temple_mockup, layout_basic,
          ebering_ecumenical_altar_rust
D:2:      layout_basic, grunt_ministairs_4, st_stairs_2, uniq_sigmund

Skill      XL: |  1  2  3 |
---------------+----------+-----
Long Blades    | 3 |  3.0
Fighting       | |  2.1
Throwing       | |  0.8
Dodging        | |  2.1
Spellcasting   | |  2.4
Translocations | |  3.3

Action                   || total
-------------------------++-------
Melee: Falchion          ||    83
       Tailslap          ||     7
       Punch             ||     1
Throw: Boomerang         ||     2
Armor: Skin              ||    36
Dodge: Dodged            ||    47
